 Dungeon Crawl Stone Soup version 0.24-a0-525-g9231cdc (webtiles) character file.

Game seed: 14999560811305218412

249 BoppinsLewinski the Distorting Demonspawn (level 5, -5/42 HPs)
             Began as a Demonspawn Abyssal Knight on Aug 3, 2019.
             Was a Believer of Lugonu.
             Slain by Grinder (8 damage)
             ... on level 4 of the Dungeon.
             The game lasted 00:10:45 (3515 turns).

BoppinsLewinski the Distorting Demonspawn (DsAK)    Turns: 3515, Time: 00:10:46

Health: -5/42      AC:  9    Str: 13 (14) XL:     5   Next: 87%
Magic:  8/8        EV:  6    Int: 12 (13) God:    Lugonu [**....]
Gold:   209        SH:  0    Dex: 10 (12) Spells: 4/4 levels left

rFire    . . .     SeeInvis .   a - +2 mace
rCold    . . .     Gourm    .   (no shield)
rNeg     . . .     Faith    .   o - -1 chain mail (curse)
rPois    .         Spirit   .   w - +0 helmet
rElec    .         Reflect  .   q - +0 cloak
rCorr    .         Harm     .   (no gloves)
MR       .....                  (no boots)
Stlth    ..........             (no amulet)
HPRegen  0.14/turn              (no ring)
MPRegen  0.11/turn              (no ring)

@: no status effects
A: claws 1, demonic guardian 1, rot immunity
a: Depart the Abyss, Bend Space, Renounce Religion


You were on level 4 of the Dungeon.
You worshipped Lugonu.
Lugonu was pleased with you.
You were hungry.

You visited 1 branch of the dungeon, and saw 4 of its levels.
You visited the Abyss 1 time.

You collected 209 gold pieces.

Inventory:

Hand Weapons
 a - a +2 mace (weapon)
Missiles
 v - a throwing net (quivered)
Armour
 n - a +0 ring mail
 o - a cursed -1 chain mail (worn)
 p - a +0 plate armour
 q - a +0 cloak (worn)
 w - a +0 helmet (worn)
Jewellery
 r - an uncursed ring of protection from magic {unknown}
 u - an uncursed ring of poison resistance {unknown}
Scrolls
 e - a scroll of blinking {unknown}
 h - a scroll of fog {unknown}
 j - a scroll of teleportation {unknown}
 k - a scroll of enchant armour {unknown}
 l - 4 scrolls of remove curse {unknown}
 m - 2 scrolls of immolation {unknown}
 s - a scroll of fear {unknown}
 x - a scroll of identify {unknown}
Comestibles
 c - 9 rations


   Skills:
 + Level 4.1 Fighting
 * Level 4.1 Maces & Flails
 - Level 1.8 Armour
 - Level 0.8 Dodging
 + Level 4.5 Invocations


You had 4 spell levels left.
You didn't know any spells.
Your spell library was empty.

Dungeon Overview and Level Annotations

Branches:
Dungeon (4/15)
 Temple: D:4-7

Altars:

Annotations:
D:4 Grinder


Innate Abilities, Weirdness & Mutations

You have sharp fingernails.
A weak demonic guardian rushes to your aid.
You are immune to rotting.


Message History

Grinder is heavily wounded.
Your white imp disappears in a puff of smoke!
Grinder hits you.
* * * LOW HITPOINT WARNING * * *
Your shadow imp closely misses Grinder.
Unknown command.
You completely miss Grinder.
Grinder is heavily wounded.
Grinder blinks!
Your shadow imp hits Grinder.
Unknown command.
You hit Grinder.
Grinder is severely wounded.
Grinder gestures at you. You resist with significant effort.
Your shadow imp barely misses Grinder.
Grinder hits you but does no damage.
Unknown command.
You closely miss Grinder.
Grinder is severely wounded.
Your shadow imp barely misses Grinder.
Grinder hits you!
You die...

#.........#
#.........#
###.......##
#########.........<#
........#..........#
...................#
.........#.........#
........##.....5...#
........###....5@.##
........# ##....§##
........# #)#####
........# #)#
######### #.# ....#
#.# ....# #.# ....#
#5# .####.......†#


You could see Grinder and a friendly shadow imp.

Vanquished Creatures
  A scorpion (D:4)
  An orc wizard (D:4)
  A worker ant (D:4)
  3 gnolls (D:4)
  2 adders
  An ooze (D:3)
  2 dart slugs (D:2)
  4 leopard geckos
  An orc (D:4)
  5 bats
  4 giant cockroaches
  3 hobgoblins
  14 jackals
  2 quokkas
  A ball python (D:2)
  5 frilled lizards
  7 goblins
  5 kobolds
62 creatures vanquished.

Vanquished Creatures (collateral kills)
  A gnoll shaman (D:4)
  A gnoll (D:4)
  An adder (D:2)
  2 orcs (D:4)
5 creatures vanquished.

Grand Total: 67 creatures vanquished

Notes
Turn   | Place    | Note
-------+----------+-------------------------------------------
     0 | Abyss:1  | BoppinsLewinski the Demonspawn Abyssal Knight began the
                  | quest for the Orb.
     0 | Abyss:1  | Reached XP level 1. HP: 18/18 MP: 2/2
     4 | D:1      | Escaped the Abyss
   289 | D:1      | Gained mutation: A weak demonic guardian rushes to your
                  | aid. [demonic ancestry]
   289 | D:1      | Reached XP level 2. HP: 14/24 MP: 4/4
   697 | D:1      | Reached * piety under Lugonu
  1380 | D:1      | Gained mutation: You have sharp fingernails. [demonic
                  | ancestry]
  1380 | D:1      | Reached XP level 3. HP: 18/29 MP: 5/5
  1873 | D:2      | Reached ** piety under Lugonu
  2175 | D:3      | Reached XP level 4. HP: 25/35 MP: 6/6
  2188 | D:3      | Found a faded altar of an unknown god.
  3073 | D:4      | Gained mutation: You are immune to rotting. [demonic
                  | ancestry]
  3073 | D:4      | Reached XP level 5. HP: 40/42 MP: 6/8
  3131 | D:4      | Noticed Grinder
  3499 | D:4      | Paralysed by Grinder for 6 turns
  3512 | D:4      | HP: 2/42 [Grinder (3)]
  3515 | D:4      | Slain by Grinder

Levels and vault maps discovered:
D:1:      eino_arrival_tree_alley, layout_loops_corners, minmay_misc_feat_x,
          chequers_garden
D:2:      layout_rooms, minivault_27, chequers_mini_garden
D:3:      layout_basic, chequers_ecumenical_altar_simple
D:4:      layout_rooms, first_ration, fedhas_altar_1, uniq_grinder

Skill      XL: |  1  2  3  4  5 |
---------------+----------------+-----
Maces & Flails | 2 3 4 |  4.1
Invocations    | 3 4 |  4.5
Fighting       | 4 |  4.1
Armour         | |  1.8
Dodging        | |  0.8

Action                   |  1- 3 |  4- 6 || total
-------------------------+-------+-------++-------
Melee: Mace              |   155 |   104 ||   259
Invok: Depart the Abyss  |     1 |       ||     1
  Use: Potion            |       |     6 ||     6
       Scroll            |       |     2 ||     2
  Eat: Chunk             |     4 |     4 ||     8
Armor: Leather armour    |    27 |       ||    27
       Chain mail        |   105 |    75 ||   180
Dodge: Dodged            |   111 |    28 ||   139

Table legend:
 A = Non-vault XP
 B = Vault XP
 C = Vault XP percentage of total XP
 D = Non-vault monster count
 E = Vault monster count
 F = Vault count percentage of total count
                 A         B        C        D         E       F
            +---------+---------+-------+---------+---------+-------
      Total |     357 |       0 |   0.0 |      67 |       0 |   0.0
            +---------+---------+-------+---------+---------+-------
        D:1 |      41 |       0 |   0.0 |      22 |       0 |   0.0
        D:2 |      52 |       0 |   0.0 |      18 |       0 |   0.0
        D:3 |      47 |       0 |   0.0 |      15 |       0 |   0.0
        D:4 |     217 |       0 |   0.0 |      12 |       0 |   0.0
            +---------+---------+-------+---------+---------+-------
